Map: Emerald City LE

Players

qqq

  • Race: Zerg Zerg

Massa

  • Race: Terran Terran
  • League: Platinum

Gheko - Winner!

  • Race: Protoss Protoss

Mediocretes - Winner!

  • Race: Protoss Protoss

VOD

Have the link to the VOD?

Description

Time

  • Played on: April 27, 2021, 12:10 p.m.
  • Length: 18:29
Show
View Real Time Build Order
Export as new Build Order

qqq Zerg 

Build Orders: Pool First 

Get SALT Encoding   

  12  0:01  Drone  
  13  0:25  Spawning Pool  
  12  0:30  Drone  
  13  0:38  Extractor  
  13  0:40  Overlord  
  13  0:42  Drone  
  13  0:46  Drone  
  14  1:13  Zergling x4  
  14  1:14  Queen  
  18  1:26  Zergling x4  
  20  1:35  Overlord  
  20  1:41  Metabolic Boost  
  20  1:48  Zergling x2  
  21  1:57  Zergling x2  
  22  2:09  Zergling x2  
  23  2:25  Hatchery  
  20  2:30  Zergling x4  
  22  2:45  Zergling x6  
  24  3:04  Zergling x2  
  24  3:12  Zergling x2  
  23  3:20  Zergling x2  
  23  3:29  Drone  
  24  3:37  Queen  
  24  3:38  Drone  
  21  4:10  Drone  
  21  4:11  Drone x6  
  27  4:17  Lair  
  27  4:20  Drone  
  27  4:21  Drone, Roach Warren  
  27  4:25  Drone  
  28  4:31  Overlord  
  28  4:39  Extractor  
  28  4:44  Drone  
  28  4:49  Drone  
  28  4:50  Drone x5  
  34  4:58  Overlord  
  34  4:59  Drone  
  35  5:12  Drone  
  36  5:14  Glial Reconstitution  
  36  5:17  Roach  
  36  5:18  Overlord, Roach  
  36  5:20  Drone  
  41  5:23  Roach  
  43  5:30  Overlord  
  43  5:31  Drone  
  44  5:40  Roach x3  
  50  5:46  Spore Crawler  
  50  5:48  Spore Crawler  
  48  5:50  Roach  
  48  5:54  Drone x2, Roach  
  54  6:01  Roach  
  56  6:05  Drone x2  
  58  6:14  Roach  
  58  6:15  Hatchery  
  58  6:17  Extractor  
  58  6:19  Roach  
  58  6:21  Overlord  
  60  6:26  Overlord  
  60  6:33  Overlord  
  60  6:39  Roach x2  
  66  6:40  Roach  
  66  6:43  Drone x2  
  66  6:45  Roach  
  70  6:48  Roach  
  70  6:49  Drone x2  
  70  6:54  Overseer  
  74  7:01  Roach  
  74  7:02  Roach  
  74  7:05  Spore Crawler  
  77  7:09  Roach x2  
  77  7:10  Drone x2  
  83  7:16  Overlord  
  83  7:17  Overlord  
  83  7:19  Drone  
  74  7:49  Roach  
  74  7:50  Roach x7  
  74  7:51  Drone, Roach x2  
  94  7:52  Drone  
  90  8:05  Zergling x12  
  84  8:13  Roach x5  
  84  8:19  Roach  
  90  8:20  Queen  
  90  8:26  Extractor  
  91  8:28  Drone x2  
  93  8:36  Roach  
  94  8:45  Zergling x2, Roach x2  
  94  8:46  Overlord  
  98  8:48  Overlord  
  98  8:55  Hatchery, Evolution Chamber  
  97  8:56  Evolution Chamber  
  97  9:00  Roach  
  97  9:09  Overseer  
  97  9:10  Overseer  
  97  9:11  Pneumatized Carapace  
  97  9:13  Zergling x2  
  97  9:14  Zergling x2, Roach x2  
  97  9:16  Ravager  
  104  9:24  Roach x3  
  104  9:26  Drone  
  79  9:53  Roach x6  
  79  9:54  Roach x3  
  90  10:00  Zergling x4  
  90  10:04  Drone x3  
  88  10:16  Roach x4  
  94  10:22  Zergling x6  
  97  10:30  Drone x3  
  97  10:31  Roach  
  102  10:38  Infestation Pit  
  102  10:39  Zerg Melee Weapons Level 1  
  101  10:44  Zerg Ground Armor Level 1  
  101  10:47  Drone  
  101  10:48  Drone  
  83  11:17  Roach x6  
  83  11:18  Zergling x10, Roach  
  90  11:29  Zergling x2, Roach x3  
  88  11:46  Roach x3  
  88  11:47  Roach  
  86  11:54  Drone x2  
  86  11:55  Drone x2  
  86  11:56  Queen  
  92  12:09  Extractor  
  92  12:10  Extractor  
  92  12:11  Overlord x2, Roach  
  92  12:12  Roach  
  92  12:15  Hive  
  94  12:22  Overseer x2  
  94  12:26  Spore Crawler  
  94  12:28  Spine Crawler, Spore Crawler  
  94  12:29  Spine Crawler  
  90  12:33  Roach x3  
  90  12:34  Zergling x8, Roach  
  102  12:39  Zergling x8  
  102  12:40  Drone  
  107  12:45  Zergling x4  
  107  12:46  Drone  
  107  12:47  Drone  
  79  13:07  Roach x6  
  79  13:08  Zergling x10  
  79  13:12  Drone x2, Roach  
  96  13:13  Drone  
  98  13:20  Drone x4  
  101  13:28  Roach x3  
  101  13:29  Roach  
  101  13:30  Extractor  
  101  13:32  Extractor  
  107  13:42  Zerg Melee Weapons Level 2, Infestation Pit  
  107  13:43  Ultralisk Cavern  
  107  13:47  Roach x2  
  107  13:48  Drone  
  110  13:53  Drone x3  
  113  14:04  Viper  
  113  14:05  Roach  
  113  14:08  Drone, Overlord x3  
  119  14:13  Zerg Ground Armor Level 2  
  119  14:22  Spire  
  118  14:45  Hatchery  
  117  14:46  Spine Crawler x2  
  117  14:50  Ultralisk  
  117  14:51  Ultralisk  
  90  15:08  Ultralisk  
  90  15:10  Roach  
  90  15:11  Roach x3  
  104  15:20  Drone  
  104  15:21  Drone x6  
  104  15:35  Greater Spire  
  104  15:41  Ultralisk  
  104  15:42  Anabolic Synthesis  
  103  15:59  Zergling x2  
  103  16:00  Zergling x8  
  107  16:10  Zergling x2  
  107  16:11  Zergling x4, Ultralisk  
  102  16:12  Roach x3  
  102  16:13  Roach  
  114  16:24  Chitinous Plating  
  88  16:36  Ultralisk  
  88  16:37  Drone x3  
  83  16:58  Drone x6  
  89  17:04  Hydralisk Den  
  75  17:10  Corruptor  
  77  17:20  Drone x7  
  77  17:21  Drone  
  86  17:30  Ultralisk  
  86  17:36  Drone x6  
  86  17:37  Drone  
  87  17:47  Zergling x10  
  92  17:52  Drone  
  92  17:56  Spine Crawler  
  92  17:57  Spine Crawler  
  83  18:00  Corruptor  
  87  18:11  Zergling x14  
Show
View Real Time Build Order
Export as new Build Order

Massa Terran 

Build Orders:  

Get SALT Encoding   

  12  0:00  SCV  
  13  0:12  SCV  
  14  0:18  Supply Depot  
  14  0:24  SCV  
  15  0:41  SCV, Barracks  
  16  0:58  Barracks  
  16  1:00  SCV  
  16  1:03  Refinery  
  17  1:12  SCV  
  18  1:24  SCV  
  19  1:31  Marine  
  20  1:35  Supply Depot  
  20  1:36  SCV  
  21  1:47  Refinery  
  21  1:49  Reaper  
  21  1:51  Marine  
  23  2:08  Orbital Command, Marine  
  24  2:21  Reaper  
  25  2:37  Reaper  
  24  2:53  Reaper  
  24  2:55  Bunker  
  24  3:40  Reaper  
  24  3:41  SCV  
  25  3:53  SCV  
  25  3:54  Factory  
  25  3:55  Command Center  
  26  3:57  Barracks  
  26  4:05  SCV  
  26  4:06  Reaper  
  29  4:17  SCV  
  27  4:32  SCV  
  28  4:44  SCV  
  29  4:46  Factory Tech Lab, Barracks Tech Lab  
  29  4:56  Engineering Bay  
  29  4:57  SCV  
  29  4:59  Command Center  
  29  5:09  Orbital Command  
  29  5:10  SCV  
  30  5:14  Marauder  
  30  5:18  Barracks Tech Lab, Stimpack  
  30  5:20  Cyclone  
  35  5:22  SCV, Mag-Field Accelerator  
  35  5:27  Factory  
  36  5:36  Marauder  
  38  5:51  Marine  
  38  5:52  Combat Shield  
  38  5:54  SCV x2  
  38  5:56  Marine  
  41  5:58  Missile Turret  
  41  6:03  Cyclone  
  45  6:06  SCV  
  45  6:08  Terran Infantry Weapons Level 1  
  45  6:10  Supply Depot  
  45  6:11  SCV, Marine  
  48  6:12  Factory Tech Lab  
  48  6:17  Barracks Reactor  
  48  6:18  SCV  
  49  6:23  SCV  
  50  6:28  Marauder  
  50  6:29  Marauder  
  50  6:30  SCV x2  
  56  6:35  SCV  
  57  6:42  SCV  
  57  6:45  Cyclone x2  
  64  6:55  Refinery  
  64  7:00  Refinery  
  64  7:02  SCV x2  
  66  7:14  SCV x2  
  68  7:25  Cyclone  
  68  7:26  SCV  
  69  7:42  Orbital Command  
  69  7:46  Concussive Shells  
  69  8:12  Command Center, Supply Depot  
  69  8:14  Supply Depot x3  
  69  8:15  Supply Depot  
  69  8:30  Supply Depot x2  
  69  8:32  Terran Infantry Armor Level 1, Armory  
  69  8:33  SCV x2, Marine, Cyclone  
  69  8:34  Marauder  
  77  8:35  Marine  
  77  8:36  Cyclone, Marauder, Engineering Bay  
  83  8:45  SCV x2  
  85  8:51  Marine  
  85  8:53  Marine, Supply Depot  
  85  8:55  Marauder  
  89  8:57  Marauder  
  89  8:58  SCV x2  
  93  9:16  Marauder  
  95  9:19  Marauder  
  88  9:40  Cyclone x2  
  88  9:44  Planetary Fortress  
  85  9:46  SCV  
  85  9:47  SCV x2  
  85  9:49  Marauder, Marine x2  
  85  9:50  Marauder  
  85  9:52  Terran Infantry Weapons Level 2  
  94  9:53  Smart Servos  
  94  9:54  Drilling Claws  
  94  9:58  SCV  
  94  9:59  SCV x2  
  97  10:01  Barracks  
  97  10:07  Marine x2  
  97  10:10  SCV, Marauder  
  97  10:11  SCV x2, Marauder  
  97  10:12  Cyclone  
  108  10:22  SCV  
  108  10:25  Marine  
  110  10:32  Marauder x2  
  110  10:34  Starport, Terran Infantry Armor Level 2, Terran Vehicle And Ship Armor Level 1  
  114  10:35  Starport  
  114  10:42  SCV x3  
  117  10:51  Cyclone  
  117  10:52  Refinery, Cyclone  
  117  10:53  Marauder  
  117  10:54  Refinery  
  78  12:04  SCV x2  
  78  12:05  SCV x2  
  78  12:08  Marauder x2, Marine x2  
  83  12:11  Cyclone x2  
  83  12:12  Medivac  
  83  12:13  Medivac  
  94  12:16  SCV  
  95  12:26  Marine x2  
  95  12:29  Barracks, Marauder  
  101  12:30  Marauder  
  101  12:31  Barracks  
  101  12:32  Barracks  
  101  12:33  Barracks  
  101  12:35  Barracks  
  101  12:38  Barracks  
  101  12:42  Medivac x2  
  101  12:43  Cyclone  
  101  12:44  Marine x2  
  109  12:45  Missile Turret  
  109  12:47  Terran Infantry Weapons Level 3  
  109  12:48  Terran Vehicle And Ship Armor Level 2  
  109  12:50  Barracks Tech Lab, Marauder, Command Center  
  109  12:51  Refinery, Marauder  
  114  12:52  Refinery  
  114  13:01  Marine  
  115  13:07  Missile Turret  
  115  13:12  Marauder x2, Medivac  
  119  13:17  Marauder  
  119  13:18  Barracks Tech Lab, Marine  
  125  13:20  Barracks Reactor, Barracks Tech Lab  
  125  13:23  Barracks Tech Lab  
  124  13:33  Marauder  
  124  13:34  Marauder  
  128  13:38  Marauder  
  130  13:55  Marauder  
  122  14:07  Marauder x5, Marine  
  122  14:08  Marine x3  
  139  14:10  Siege Tank x2  
  139  14:13  Planetary Fortress  
  139  14:16  Marauder  
  144  14:21  Missile Turret  
  144  14:24  Terran Infantry Armor Level 3  
  144  14:25  Starport Tech Lab  
  144  14:26  Starport Reactor  
  144  14:28  Marauder  
  144  14:29  Marauder x4  
  154  14:33  Ghost Academy  
  154  14:37  Marauder  
  156  14:41  Missile Turret  
  156  14:42  Siege Tank x2  
  162  15:03  Missile Turret  
  162  15:19  Marauder  
  162  15:22  Marauder x2, Siege Tank  
  153  15:28  Barracks Reactor, Barracks Tech Lab  
  153  15:33  Supply Depot  
  153  15:34  Terran Vehicle And Ship Armor Level 3, Supply Depot  
  111  15:36  Neosteel Armor, Supply Depot x2  
  111  15:37  Supply Depot  
  84  15:44  Marauder x4, Marine  
  84  15:45  Marauder x2, Marine x2  
  84  15:47  Siege Tank  
  96  15:53  Marine  
  96  15:54  Siege Tank  
  93  16:02  Marine  
  93  16:03  Marine, Medivac x3  
  89  16:05  Marauder  
  89  16:06  Marauder x5  
  89  16:10  Marine  
  98  16:19  Siege Tank  
  98  16:20  Marine x2  
  98  16:21  SCV  
  104  16:27  Marauder x5, Marine  
  104  16:28  Marine  
  104  16:33  SCV, Medivac  
  104  16:37  Marauder, Marine  
  104  16:38  Marine  
  98  16:45  Marauder  
  98  16:46  Marine x3  
  104  16:48  Marauder  
  104  16:49  Marauder x4  
  110  16:56  Marine x2  
  110  16:58  Marauder  
  112  17:04  Marine  
  112  17:06  Marauder  
  114  17:09  Marauder, Ghost  
  114  17:10  Marauder x3  
  103  17:16  Hi-Sec Auto Tracking  
  103  17:19  Ghost  
  103  17:21  Marine  
  103  17:22  Marine  
  84  17:28  Marauder, Siege Tank  
  89  17:31  Marauder x4  
  95  17:44  Marine  
  95  17:48  Marauder  
  79  17:53  Marauder  
  79  17:56  Marauder, Ghost  
  79  17:57  Marine x3  
Show
View Real Time Build Order
Export as new Build Order

Gheko Protoss - Winner!

Build Orders:  

Get SALT Encoding   

  12  0:00  Probe  
  13  0:12  Probe  
  14  0:20  Pylon  
  14  0:24  Probe  
  15  0:38  Probe  
  15  0:39  Gateway  
  16  0:45  Assimilator  
  16  0:50  Probe  
  17  1:02  Probe  
  18  1:14  Probe  
  19  1:26  Probe  
  19  1:27  Cybernetics Core  
  19  1:28  Zealot  
  22  1:34  Assimilator  
  22  1:49  Nexus  
  22  1:57  Pylon  
  22  2:00  Probe  
  23  2:07  Warp Gate  
  23  2:15  Probe  
  24  2:19  Stalker (Chrono Boost)  
  26  2:27  Probe  
  26  2:45  Probe  
  19  3:15  Stalker (Chrono Boost)  
  21  3:24  Probe (Chrono Boost)  
  21  3:25  Probe (Chrono Boost)  
  22  3:36  Probe (Chrono Boost)  
  22  3:37  Probe (Chrono Boost)  
  22  3:41  Probe (Chrono Boost)  
  23  3:46  Probe  
  25  3:50  Probe  
  26  3:57  Zealot  
  26  3:58  Probe  
  14  4:19  Gateway x2  
  14  4:24  Probe x2 (Chrono Boost)  
  16  4:34  Probe x2 (Chrono Boost)  
  18  4:39  Probe x2 (Chrono Boost)  
  20  4:50  Probe  
  21  5:00  Probe  
  21  5:03  Probe  
  23  5:10  Stalker  
  23  5:12  Probe  
  26  5:15  Probe  
  27  5:24  Probe  
  27  5:27  Probe  
  29  5:36  Probe  
  29  5:39  Probe  
  31  5:48  Probe (Chrono Boost)  
  32  5:51  Probe (Chrono Boost)  
  33  6:00  Probe (Chrono Boost)  
  33  6:01  Twilight Council  
  33  6:03  Probe (Chrono Boost), Robotics Facility  
  35  6:07  Probe (Chrono Boost)  
  35  6:08  Probe (Chrono Boost)  
  37  6:15  Probe  
  37  6:17  Probe  
  39  6:19  Stalker x2  
  39  6:20  Stalker  
  45  6:31  Probe (Chrono Boost)  
  46  6:33  Assimilator  
  46  7:03  Nexus  
  46  7:06  Pylon  
  46  7:10  Pylon  
  46  7:22  Probe (Chrono Boost)  
  46  7:24  Observer, Probe (Chrono Boost)  
  49  7:32  Probe  
  49  7:36  Probe  
  47  7:44  Probe  
  47  7:50  Stalker x3  
  46  8:11  Probe  
  46  8:12  Probe  
  48  8:19  Probe  
  49  8:24  Probe x2  
  49  8:26  Gateway  
  51  8:27  Gateway, Blink (Chrono Boost)  
  51  8:30  Gateway  
  51  8:31  Probe  
  51  8:33  Gateway  
  52  8:36  Probe, Gateway  
  52  8:38  Probe  
  52  8:40  Assimilator  
  54  8:43  Probe  
  55  8:49  Stalker x2  
  59  9:02  Stalker  
  61  9:04  Immortal (Chrono Boost)  
  64  9:16  Shield Battery  
  64  9:22  Stalker  
  64  9:23  Stalker x2  
  68  9:26  Zealot  
  68  9:27  Zealot  
  68  9:28  Zealot  
  74  9:32  Probe x2  
  74  9:33  Probe  
  77  10:07  Charge, Pylon  
  77  10:12  Assimilator  
  77  10:13  Probe x2  
  77  10:16  Warp Prism (Chrono Boost), Assimilator  
  69  10:36  Zealot  
  69  10:37  Templar Archives, Zealot x7  
  85  10:44  Pylon  
  85  10:47  Pylon  
  85  11:02  Immortal  
  79  11:06  Stalker  
  79  11:07  Stalker x6  
  83  11:14  Zealot  
  57  11:31  Stalker x4  
  57  11:32  Stalker x3  
  61  11:48  Immortal (Chrono Boost)  
  57  11:59  Psionic Storm  
  49  12:11  Probe x2 (Chrono Boost)  
  49  12:15  Nexus  
  51  12:19  Pylon  
  51  12:21  Probe x2 (Chrono Boost)  
  53  12:23  Pylon  
  53  12:26  Probe (Chrono Boost)  
  54  12:34  Pylon  
  54  12:36  Immortal (Chrono Boost)  
  54  12:41  High Templar x3  
  64  12:49  Gateway  
  64  12:50  Gateway  
  64  12:52  Gateway  
  64  12:56  Gateway, Pylon  
  64  12:57  Stalker  
  66  12:59  Gateway x2, Stalker  
  66  13:01  Zealot  
  66  13:03  Probe (Chrono Boost), Gateway  
  71  13:09  Probe (Chrono Boost)  
  72  13:15  Probe (Chrono Boost)  
  74  13:21  Probe (Chrono Boost)  
  74  13:22  High Templar  
  74  13:23  High Templar x3  
  74  13:25  Zealot  
  84  13:27  Archon  
  84  13:28  Archon  
  84  13:45  Immortal  
  84  13:47  Probe x3  
  91  13:54  Forge  
  91  13:58  Forge  
  85  14:04  Zealot  
  85  14:05  Zealot x2  
  91  14:10  High Templar x2  
  91  14:11  Zealot  
  97  14:20  Probe x3  
  97  14:23  Pylon  
  101  14:24  Observer  
  101  14:27  Protoss Ground Weapons Level 1 (Chrono Boost), Protoss Ground Armor Level 1 (Chrono Boost)  
  101  14:41  Probe x3  
  105  14:45  Observer  
  105  14:48  Nexus  
  105  14:53  Pylon  
  105  14:55  Pylon  
  105  14:58  Pylon  
  105  14:59  Zealot  
  107  15:00  Zealot  
  109  15:21  Zealot x6  
  93  16:17  High Templar  
  93  16:18  High Templar x12  
  109  16:20  Zealot  
  109  16:21  Zealot  
  109  16:22  Archon x3  
  109  16:23  Archon  
  109  16:24  Archon  
  119  16:40  Assimilator  
  119  16:42  Zealot x2  
  119  16:44  Assimilator  
  123  17:02  Zealot x12  
  117  17:25  Zealot  
  117  17:26  Zealot x11  
  117  17:28  Immortal  
  145  17:40  Zealot  
  125  18:03  Zealot x5  
  137  18:15  Zealot x7  
Show
View Real Time Build Order
Export as new Build Order

Mediocretes Protoss - Winner!

Build Orders:  

Get SALT Encoding   

  12  0:00  Probe  
  13  0:12  Probe  
  14  0:18  Pylon  
  14  0:24  Probe  
  15  0:36  Probe (Chrono Boost)  
  15  0:40  Gateway  
  16  0:48  Probe (Chrono Boost)  
  17  0:50  Assimilator  
  17  1:00  Probe  
  18  1:13  Probe  
  19  1:20  Forge  
  19  1:25  Probe  
  20  1:27  Cybernetics Core  
  20  1:28  Zealot  
  22  1:38  Probe  
  23  1:41  Pylon  
  23  1:51  Assimilator  
  23  1:59  Probe  
  24  2:05  Photon Cannon  
  24  2:10  Shield Battery  
  24  2:12  Stalker (Chrono Boost)  
  24  2:14  Probe  
  27  2:19  Warp Gate  
  26  2:33  Gateway  
  26  2:36  Gateway  
  24  2:38  Probe  
  24  2:44  Pylon  
  26  2:51  Probe  
  26  2:55  Stalker (Chrono Boost)  
  28  3:08  Photon Cannon  
  28  3:22  Sentry (Chrono Boost)  
  28  3:23  Nexus  
  30  3:27  Probe  
  31  3:37  Twilight Council  
  31  3:41  Probe  
  30  4:03  Probe  
  31  4:15  Probe  
  28  4:36  Blink, Dark Shrine  
  28  4:37  Probe  
  29  4:39  Nexus  
  29  4:44  Sentry  
  31  4:52  Phoenix  
  31  5:02  Probe  
  31  5:06  Robotics Facility  
  33  5:14  Probe  
  33  5:26  Probe  
  33  5:28  Stalker  
  36  5:38  Probe  
  37  5:45  Gateway x2  
  37  5:50  Probe  
  37  5:51  Probe  
  39  5:57  Warp Prism (Chrono Boost)  
  41  6:05  Probe x2  
  43  6:15  Gateway  
  43  6:17  Probe x2  
  45  6:18  Gateway  
  45  6:29  Probe x2  
  47  6:41  Probe  
  47  6:44  Probe  
  49  6:49  Nexus  
  49  6:50  Pylon  
  49  6:53  Pylon  
  49  6:56  Observer  
  49  6:59  Probe  
  49  7:00  Probe  
  50  7:04  Protoss Ground Weapons Level 1  
  50  7:07  Stalker  
  52  7:16  Robotics Bay  
  48  7:40  Stalker x3  
  48  7:41  Dark Templar  
  53  7:51  Nexus  
  53  7:52  Probe  
  53  7:53  Probe  
  53  7:55  Assimilator  
  53  7:57  Assimilator  
  55  8:05  Probe  
  52  8:22  Probe x2  
  54  8:30  Pylon  
  54  8:31  Disruptor (Chrono Boost)  
  54  8:33  Gateway  
  54  8:34  Probe x2  
  59  8:36  Pylon  
  59  8:40  Gateway x2  
  59  8:42  Robotics Facility  
  59  8:43  Pylon  
  59  8:44  Gateway  
  59  8:46  Probe x2  
  59  8:48  Stalker x3  
  63  8:55  Shield Battery  
  65  8:58  Probe  
  64  9:04  Disruptor (Chrono Boost)  
  64  9:05  Stalker  
  64  9:06  Pylon  
  69  9:17  Probe x3  
  69  9:19  Photon Cannon  
  72  9:30  Stalker x3  
  73  9:43  Disruptor x2 (Chrono Boost)  
  73  9:45  Dark Templar  
  79  9:46  Zealot  
  76  9:54  Probe  
  76  9:55  Probe  
  76  9:59  Probe  
  77  10:06  Probe  
  78  10:08  Probe  
  78  10:10  Disruptor (Chrono Boost)  
  78  10:11  Probe  
  83  10:18  Pylon  
  83  10:19  Probe  
  77  10:25  Disruptor  
  77  10:26  Stalker x4  
  88  10:32  Probe x3  
  91  10:37  Protoss Ground Weapons Level 2  
  91  10:41  Assimilator  
  91  10:43  Assimilator  
  91  10:48  Stalker x2  
  83  11:12  Disruptor  
  79  11:20  Dark Templar  
  79  11:21  Charge (Chrono Boost), Zealot x6  
  79  11:22  Zealot  
  81  11:38  Disruptor  
  80  11:42  Probe x3  
  83  11:54  Probe x2  
  83  11:56  Probe  
  86  12:03  Stalker x5  
  86  12:04  Stalker  
  86  12:06  Probe x2  
  100  12:14  Pylon  
  100  12:17  Gateway, Disruptor (Chrono Boost)  
  100  12:20  Disruptor (Chrono Boost), Nexus  
  104  12:24  Pylon  
  104  12:25  Stalker x2  
  104  12:27  Pylon  
  108  12:30  Pylon  
  108  12:33  Dark Templar  
  108  12:35  Stalker  
  112  12:40  Probe x2  
  114  12:47  Probe  
  114  12:49  Disruptor (Chrono Boost)  
  118  12:51  Photon Cannon  
  118  12:52  Probe  
  118  12:53  Probe  
  118  12:55  Photon Cannon  
  120  13:09  Nexus  
  120  13:12  Photon Cannon  
  118  13:15  Photon Cannon  
  118  13:16  Protoss Ground Weapons Level 3 (Chrono Boost)  
  118  13:18  Shield Battery  
  118  13:21  Disruptor x2  
  118  13:25  Stalker  
  118  13:26  Stalker  
  128  13:31  Gravitic Boosters (Chrono Boost)  
  128  13:36  Probe x3  
  128  13:41  Assimilator  
  131  13:44  Assimilator  
  132  13:48  Probe x2  
  133  13:57  Observer x2  
  135  14:06  Probe x2, Stalker  
  135  14:07  Stalker  
  141  14:14  Pylon  
  141  14:17  Pylon  
  141  14:18  Gateway  
  141  14:19  Gateway  
  141  14:22  Gateway x2  
  141  14:23  Stalker  
  141  14:24  Pylon, Stalker x3  
  147  14:28  Pylon  
  147  14:30  Observer x2  
  151  14:51  Disruptor x2  
  157  15:04  Observer  
  146  15:26  Disruptor  
  146  15:27  Disruptor  
  132  15:42  Stalker x3  
  129  15:43  Stalker x7  
  129  15:44  Stalker x3  
  151  16:02  Disruptor x2  
  157  16:16  Stalker x2  
  157  16:17  Stalker x2  
  163  16:32  Nexus  
  129  16:38  Disruptor x2  
  116  16:51  Stalker x5  
  116  16:52  Stalker  
  128  17:01  Pylon  
  128  17:13  Disruptor  
  128  17:14  Disruptor  
  128  17:15  Pylon  
  134  17:20  Assimilator  
  134  17:22  Probe x2  
  112  17:42  Stalker x2  
  112  17:49  Disruptor x2  
  118  17:51  Assimilator  
  118  17:56  Pylon  
  118  17:57  Observer  
  116  18:10  Stalker x5  
Tags
 
Add a new tag
Caveats
  • Supply blocks, unpowered buildings, or Contaminate may cause inaccurate times.
  • Supply counts are checked every 10 seconds.